 BcadrenCrawl: Boulder Brew version 0.05.4-47-g4e6e437f84 (webtiles) character file.

Game seed: 5991404576886182590, levelgen mode: deterministic

1 diana the Firebug (level 1, 0/3 HPs) Fairy Fire Elementalist. Began on Apr 3, 2022. Slain by a cinder newt (1 damage) ... on level 1 of the Dungeon. The game lasted 00:01:09 (61 turns).

diana the Firebug (Fairy Fire Elementalist)           Turns: 61, Time: 00:01:11

Health: 0/3        AC:  0    Str:  2    XL:     1 ^: 10
Magic:  3/3        EV: 24    Int: 17    God:
Gold:   0          SH:  0    Dex: 17    Spells: 4/5 levels left

rFire    . . .     Vision   .   (no jewelry)
rCold    . . .     Gourm    .
rNeg     . . .     Faith    .
rCorr    . . .     Spirit   .
rPois    .         Reflect  .
rElec    .         Harm     .
MR       .....
Stlth    +.........
HPRegen  0.11/turn
MPRegen  0.13/turn

@: very slightly contaminated, glowing, slow
A: tiny, no armour or weapons, only one jewelry slot, no melee attacks, fairy
magic, fairy shield, decreased potion and divine healing, unfitting armour,
flight, slowness 1, fairy light 1, insubstantial
a: Fly


You were on level 1 of the Dungeon.
You were not hungry.

You visited 1 branch of the dungeon, and saw 1 of its levels.

Inventory:

Comestibles
 b - a ration


   Skills:
 - Level 2.6 Dodging
 - Level 1.4 Stealth
 + Level 2.5 Spellcasting
 + Level 3.3 Fire Magic


You had 4 spell levels left.
You knew the following spells:

 Your Spells              Type           Power        Failure   Level  Hunger
a - Foxfire               Fire           13 (25)      4%          1    0-18

Your spell library contained the following spells:

 Spells                   Type           Power        Failure   Level  Hunger
 Searing Ray Fire 13 (50) 7% 2 38-78 Conjure Flame Fire 13 (100) 14% 3 78-138 Inner Flame Hex/Fire 7 (100) 28% 3 78-138 Sticky Flame Fire/Pois 7 (100) 67% 4 158-258 Fireball Fire           13 (200)     78%         5    278-438


Dungeon Overview and Level Annotations

Branches:
Dungeon (1/8)

Altars:


Innate Abilities, Weirdness & Mutations

You are too small to use any gear.
You can wear a single ring or amulet completely around your body.
You are incapable of melee of any kind.
Your magic reserves are extremely low but spells that normally cost one mana are free and all other spells cost one mana.
You are extremely frail but all attacks that strike you do exactly one damage.
The effect of potions and godly healing effects is reduced to match your tiny health and magic reserves.
You are able to fly continuously.
You cover ground slowly.
You exude a bright light in a small radius around yourself.
Your insubstantial form boosts your evasion and grants immunity to sticky flames, nets and constriction.


Message History

Casting: Foxfire (safe; 4% risk of failure)
Confirm with . or Enter, or press ? or * to list all spells.
You conjure some foxfire!
The cinder newt bites you (1). The cinder newt burns you (3).
Casting: Foxfire (safe; 4% risk of failure)
Confirm with . or Enter, or press ? or * to list all spells.
You conjure some foxfire!
The foxfire hits the cinder newt (2).
The cinder newt resists.
The cinder newt is moderately wounded. (8/12) HP The foxfire hits the cinder newt (1).
The cinder newt resists.
The cinder newt is heavily wounded. (7/12) HP The cinder newt barely misses you (0).
Casting: Foxfire (safe; 4% risk of failure)
Confirm with . or Enter, or press ? or * to list all spells.
You miscast Foxfire.
You have a brief vision of globes of primordial fire.
The foxfire hits the cinder newt (2).
The cinder newt resists.
The cinder newt is heavily wounded. (5/12) HP The cinder newt bites you (2).
You die...

##### #...#
#.#.# # #.#.# #
#.#.#†##.#####
#.§@l.........
###.#.#.######
########.......#
..#####
#........#...#.#
#.......#
#.######.#†..#
#.......# #.#
#.#...#
#.......# #.#
#.#...#
#.......# #.#
#.#...#
#.......# #.#
#.. ..


You could see a cinder newt.

Vanquished Creatures
  A bat (D:1)
  A rat (D:1)
2 creatures vanquished.

Vanquished Creatures (others)
  11 foxfires (D:1)
11 creatures vanquished.

Grand Total: 13 creatures vanquished

Notes
Turn   | Place    | Note
-------+----------+-------------------------------------------
     0 | D:1      | diana the Fairy Fire Elementalist began the quest for the
                  | Orb.
     0 | D:1      | Reached XP level 1. HP: 3/3 MP: 3/3
    61 | D:1      | Slain by a cinder newt

Levels and vault maps discovered:
D:1:      wander_arrival_lonely_grave, layout_basic

Action                   || total
-------------------------++-------
 Cast: Foxfire           ||     7
Dodge: Dodged            ||     2
